General information
			
			
        
        - name: BNet
 
        - type: Ladder 1vs1/FFA
 
        - host: Battle.net
 
        - saver: drunkenbuddha
 
        
map: MeltingValley 
        - players: 2
 
        - length: 13:32
 
        - speed: Fast
 - version: 1.22 W3XP
 - replay type:  Public
 
» download(47 KB)
Players
        team 1 (loser) 
              
              
Darkness_666 (
yellow | 96 APM | 1297 actions | 13:30)
              
 4 Far Seer 
 2 Feral Spirit
 2 Chain Lighting
 3 Tauren Chieftain 
 2 War Stomp
 1 Endurance Aura
 
                » actions 
                
                | Assign group hotkey | 37 |  | 
| Basic commands | 107 |  | 
| Build / train | 47 |  | 
| Enter build submenu | 10 |  | 
| Enter hero's abilities submenu | 8 |  | 
| Give item / drop item | 1 |  | 
| Right click | 406 |  | 
| Select / deselect | 254 |  | 
| Select group hotkey | 375 |  | 
| Use ability | 52 |  | 
                1297 total
 » units 
                
                | Peon | 8 |  | 
| Grunt | 5 |  | 
| Demolisher | 4 |  | 
| Shaman | 3 |  | 
                20 total
 » upgrades
                
                | Melee Weapons | 2 |  | 
| Berserker Strength | 1 |  | 
| Shaman Training | 1 |  | 
| Witch Doctor Training | 1 |  | 
                5 total
 » buildings
                
                | Altar of Storms | 1 |  | 
| Orc Burrow | 5 |  | 
| Barracks | 1 |  | 
| Stronghold | 1 |  | 
| War Mill | 1 |  | 
| Voodoo Lounge | 1 |  | 
| Spirit Lodge | 1 |  | 
| Fortress | 1 |  | 
                12 total
 » build order
                00:06 Altar of Storms
00:21 Orc Burrow
01:05 Barracks
01:29 Orc Burrow
02:42 Stronghold
03:01 War Mill
03:23 Voodoo Lounge
03:51 Orc Burrow
05:05 Spirit Lodge
06:32 Orc Burrow
07:35 Orc Burrow
10:04 Fortress
» items
                
                | Healing Salve | 3 |  | 
| Scroll of Speed | 1 |  | 
| Lesser Clarity Potion | 2 |  | 
                6 total
  
               team 2 (winner) 
              
              
drunkenbuddha (
pink | 100 APM | 1360 actions | 13:32)
              
 4 Archmage 
 2 Summon Water Elemental
 2 Brilliance Aura
 3 Mountain King 
 2 Storm Bolt
 1 Thunder Clap
 1 Paladin 
 1 Holy Light
 
                » actions 
                
                | Assign group hotkey | 20 |  | 
| Basic commands | 17 |  | 
| Build / train | 55 |  | 
| Enter build submenu | 26 |  | 
| Enter hero's abilities submenu | 8 |  | 
| Give item / drop item | 1 |  | 
| Right click | 624 |  | 
| Select / deselect | 216 |  | 
| Select group hotkey | 324 |  | 
| Use ability | 69 |  | 
                1360 total
 » units 
                
                | Peasant | 19 |  | 
| Footman | 6 |  | 
| Forest Troll Shadow Priest | 1 |  | 
| Gryphon Rider | 2 |  | 
                28 total
 » upgrades
                
                | Defend | 1 |  | 
| Masonry | 2 |  | 
| Swords | 1 |  | 
| Animal War Training | 1 |  | 
                5 total
 » buildings
                
                | Altar of Kings | 1 |  | 
| Barracks | 1 |  | 
| Farm | 11 |  | 
| Scout Tower | 4 |  | 
| Lumber Mill | 1 |  | 
| Arcane Tower | 1 |  | 
| Keep | 1 |  | 
| Blacksmith | 1 |  | 
| Town Hall | 1 |  | 
| Arcane Vault | 1 |  | 
| Guard Tower | 2 |  | 
| Castle | 1 |  | 
| Gryphon Aviary | 3 |  | 
                29 total
 » build order
                00:19 Altar of Kings
00:34 Barracks
00:49 Farm
01:03 Farm
01:41 Farm
02:01 Scout Tower
02:13 Lumber Mill
02:41 Arcane Tower
02:47 Farm
03:35 Keep
04:05 Blacksmith
05:05 Town Hall
05:17 Farm
05:24 Arcane Vault
07:03 Farm
07:08 Guard Tower
07:15 Farm
08:08 Scout Tower
08:09 Scout Tower
08:10 Scout Tower
08:12 Farm
08:14 Farm
08:16 Farm
08:29 Farm
08:33 Castle
09:51 Gryphon Aviary
09:52 Gryphon Aviary
09:53 Gryphon Aviary
10:04 Guard Tower
» items
                
                | Scroll of Regeneration | 2 |  | 
| Ivory Tower | 2 |  | 
| Lesser Clarity Potion | 1 |  | 
                5 total
  
                Chat log
          (00:59 / All) drunkenbuddha: glgl
(01:09 / All) Darkness_666: gl hf